 Dungeon Crawl Stone Soup version 0.28-a0-751-gef3a642a4e (webtiles) character file.

Game seed: 9990022609685728204

4352 Woods the Martial Artist (level 10, -9/72 HPs)
             Began as a Djinni Transmuter on Oct 30, 2021.
             Mangled by a five-headed hydra (17 damage)
             ... on level 7 of the Dungeon.
             The game lasted 00:17:34 (13173 turns).

Woods the Martial Artist (Djinni Transmuter)       Turns: 13173, Time: 00:17:34

Health: -9/72      AC:  2    Str:  9    XL:     10   Next: 59%
Gold:   1089       EV: 24    Int: 19    God:
                   SH:  0    Dex: 18

rFire   . . .      SeeInvis .     - Unarmed
rCold   . . .      Faith    .   (shield currently unavailable)
rNeg    . . .      Spirit   .   (armour currently unavailable)
rPois   ∞          Reflect  .   (helmet currently unavailable)
rElec   .          Harm     .   (cloak currently unavailable)
rCorr   .          Rampage  .   (gloves currently unavailable)
Will    +....                   (boots unavailable)
Stlth   +++.......              (no amulet)
HPRegen 0.22/turn               (no ring)
MPRegen 0.00/turn               (no ring)

@: about to teleport, spider-form, flying, studying Dodging
A: venomous fangs, flying, sickness immunity, tiny, (fire resistance 2), (cold
vulnerability 1), float, innate caster, hp casting, extra vitality 1
a: End Transformation


You were on level 7 of the Dungeon.
You were a venomous arachnid creature.
You visited 1 branch of the dungeon, and saw 7 of its levels.
You also visited: Bailey.

You collected 1089 gold pieces.

Inventory:

Hand Weapons
 A - the +10 rapier of Siokhlakh {elec, Drain rElec rC+++ rCorr}
   (You took it off a gnoll sergeant in a bailey)

   It occasionally discharges a powerful burst of electricity upon striking a
   foe.
   rC:        It renders you almost immune to cold.
   rElec:     It insulates you from electricity.
   rCorr:     It protects you from acid and corrosion.
   Drain:     It drains your maximum health when unequipped.
Missiles
 z - 5 throwing nets
Armour
 a - a +0 robe (melded)
 x - a +0 cloak (melded)
 y - a +0 cloak
Magical Staves
 k - a staff of cold
Wands
 m - a wand of iceblast (19)
 q - a wand of flame (20)
Scrolls
 c - 2 scrolls of blinking {unknown}
 d - 2 scrolls of magic mapping {unknown}
 g - 3 scrolls of teleportation
 i - 6 scrolls of identify {unknown}
 l - a scroll of holy word {unknown}
 n - 2 scrolls of noise {unknown}
 r - a scroll of fog {unknown}
 s - a scroll of fear {unknown}
 w - a scroll of amnesia {unknown}
 C - a scroll of vulnerability {unknown}
Potions
 b - 2 potions of haste {unknown}
 e - 5 potions of heal wounds {unknown}
 f - a potion of cancellation {unknown}
 h - 4 potions of brilliance {unknown}
 j - a potion of resistance {unknown}
 o - 2 potions of curing
 p - a potion of might {unknown}
 t - a potion of lignification {unknown}
 u - a potion of flight {unknown}
 v - 2 potions of mutation {unknown}
Miscellaneous
 B - a box of beasts


   Skills:
 - Level 6.0 Fighting
 - Level 7.0 Dodging
 + Level 4.1 Stealth
 - Level 8.0 Unarmed Combat
 + Level 7.0 Spellcasting


You had 5 spell levels left.
You knew the following spells:

 Your Spells              Type           Power      Damage    Failure   Level
a - Beastly Appendage     Tmut           66%        N/A       3%          1
b - Wereblood             Tmut           33%        N/A       4%          2
c - Spider Form           Tmut/Pois      16%        N/A       7%          3
d - Ice Form              Ice/Tmut       33%        N/A       16%         4
e - Sting                 Tmut/Pois      100%       1d8       3%          1
f - Static Discharge      Conj/Air       33%        N/A       4%          2
g - Ensorcelled Hibernat  Hex/Ice        66%        N/A       4%          2
h - Ignite Poison         Fire/Tmut/Pois 33%        N/A       7%          3
Your spell library was empty.

Dungeon Overview and Level Annotations

Branches:
Dungeon (7/15)             Bailey (visited)
 Temple: D:4-7

Altars:
Vehumet


Innate Abilities, Weirdness & Mutations

You are a venomous arachnid creature.
You have poisonous fangs.
You are tiny and dextrous.
You are flying.
Your spellcasting is less reliable in this form.
Your armour is entirely melded.
You are incapable of wielding weapons or throwing items.
You are immune to sickness and miasma.
You are immune to poison.
((Your flesh is very heat resistant. (rF++)))
((You are vulnerable to cold. (rC-)))
You float through the air rather than walking.
You learn spells naturally, not from books.
Your magical power is your life essence.
You have superior vitality. (+4 HP)


Message History

Aim: a five-headed hydra (92% to hit)
The sting hits the five-headed hydra.
The five-headed hydra partially resists.
The five-headed hydra is poisoned.
The five-headed hydra is lightly wounded.
Casting: Sting (safe; 3% risk of failure)
Confirm with . or Enter, or press ? or * to list all spells.
Aiming: Sting (safe; 3% risk of failure)
Press: ? - help, Shift-Dir - straight line, f/p - five-headed hydra
Aim: a five-headed hydra (poisoned, 92% to hit)
The sting hits the five-headed hydra.
The five-headed hydra partially resists.
The five-headed hydra looks even sicker.
The five-headed hydra is lightly wounded.
You kill the orc warrior!
The five-headed hydra misses you. The five-headed hydra bites you!
The five-headed hydra completely misses you.
The five-headed hydra closely misses you.
The five-headed hydra bites you! The five-headed hydra bites you!
The five-headed hydra completely misses you.
The five-headed hydra bites you. The five-headed hydra bites you!
* * * LOW HITPOINT WARNING * * *
The five-headed hydra barely misses you.
Casting: Sting (safe; 3% risk of failure)
Confirm with . or Enter, or press ? or * to list all spells.
You ignite the poison in your surroundings!
The five-headed hydra seems to burn from within!!
The five-headed hydra is moderately wounded.
* * * LOW HITPOINT WARNING * * *
The five-headed hydra barely misses you.
The five-headed hydra closely misses you.
The five-headed hydra bites you.
* * * LOW HITPOINT WARNING * * *
The five-headed hydra barely misses you.
The five-headed hydra completely misses you.
As you read the scroll labelled LOMYUS FIEXT, it crumbles to dust.
You feel strangely unstable.
It was a scroll of teleportation.
The five-headed hydra bites you!
You die...

.#..........#........#...........
........(#..#.########...........
.....##.#..............#.........
.#.#.##.##.#.#...#.#.#.#.........
.....##.##...[.......#.#.........
.#......##..#..#.#.#.#.#.........
...#.#..##..#..#.#...#.#.########
##.......#..#..#.###.#.#.#
...#.....#..##.#sD.....#.#
.....#.#.#..##...o.#.###.#
.#.#.....#..##.....o.....#
.....#..##.......#.#)##### .
.#......###.##...#.#.# ..
...#.##.........>#.#.# ...
####.######......#.#.# ....
#..........###...#.#o# .....
#..................#.#####.....#


You could see a five-headed hydra and 2 orcs.

Vanquished Creatures
  Grinder (D:5)
  Sigmund (D:4)
  6 yaks
  Eustachio (D:4)
  A sky beast (D:6)
  3 orc warriors (D:7)
  An ice beast (D:5)
  2 necrophages
  2 ogres
  4 centaurs
  3 phantoms
  A kobold brigand (D:7)
  8 gnoll sergeants (Bailey)
  A bullfrog (D:7)
  A scorpion (D:6)
  4 hounds
  2 jellies
  6 gnoll shamans (Bailey)
  2 bullfrog skeletons
  4 iguanas
  An orc wizard (D:3)
  A hound skeleton (D:4)
  14 gnolls (Bailey)
  14 adders
  A shadow imp (D:6)
  A white imp (D:5)
  2 ufetubi (D:5)
  A worm (D:2)
  2 dart slugs
  16 orcs
  6 bats
  6 endoplasms
  5 giant cockroaches
  13 hobgoblins
  2 jackals (D:1)
  7 quokkas
  5 ball pythons
  4 frilled lizards
  9 goblins
  8 kobolds
  25 rats
197 creatures vanquished.

Notes
Turn   | Place    | Note
-------+----------+-------------------------------------------
     0 | D:1      | Woods the Djinni Transmuter began the quest for the Orb.
     0 | D:1      | Reached XP level 1. HP: 17/17 MP: 0/0
   533 | D:1      | Reached XP level 2. HP: 17/22 MP: 0/0
  1328 | D:1      | Reached XP level 3. HP: 12/28 MP: 0/0
  1328 | D:1      | Learned a level 1 spell: Sting
  2486 | D:2      | Reached XP level 4. HP: 3/34 MP: 0/0
  3000 | D:2      | Reached skill level 4 in Unarmed Combat
  3445 | D:2      | Found a faded altar of an unknown god.
  4321 | D:3      | Reached XP level 5. HP: 31/40 MP: 0/0
  4321 | D:3      | Learned a level 2 spell: Static Discharge
  5716 | D:4      | Noticed a phantom
  5846 | D:4      | Reached XP level 6. HP: 22/47 MP: 0/0
  6169 | D:4      | Noticed a yak
  6211 | D:4      | Killed a yak
  6212 | D:4      | Reached skill level 5 in Unarmed Combat
  6345 | D:4      | Noticed a yak
  6346 | D:4      | Noticed a yak
  6346 | D:4      | Noticed a yak
  6381 | D:4      | Killed a yak
  6382 | D:4      | Reached XP level 7. HP: 41/52 MP: 0/0
  6382 | D:4      | Learned a level 2 spell: Ensorcelled Hibernation
  6387 | D:4      | Killed a yak
  6399 | D:4      | Killed a yak
  6400 | D:4      | Reached skill level 5 in Spellcasting
  6400 | D:4      | Reached XP level 8. HP: 37/58 MP: 0/0
  6659 | D:4      | Noticed Sigmund
  6681 | D:4      | Killed Sigmund
  6784 | D:4      | Noticed Eustachio
  6816 | D:4      | Killed Eustachio
  7611 | D:5      | Entered Level 5 of the Dungeon
  7988 | D:5      | Reached XP level 9. HP: 61/63 MP: 0/0
  7988 | D:5      | Learned a level 3 spell: Ignite Poison
  8040 | D:5      | Reached skill level 5 in Fighting
  8067 | D:4      | Reached skill level 6 in Unarmed Combat
  9611 | D:5      | Reached skill level 5 in Dodging
 10245 | D:6      | Noticed Grinder
 10259 | D:5      | Killed Grinder
 10260 | D:5      | Reached skill level 7 in Unarmed Combat
 10346 | D:6      | Reached skill level 8 in Unarmed Combat
 10350 | D:6      | Reached XP level 10. HP: 61/72 MP: 0/0
 10435 | D:6      | Reached skill level 1 in Stealth
 11057 | D:7      | Found a flagged portal.
 11078 | Bailey   | Entered a bailey
 12025 | Bailey   | Identified the +10 rapier of Siokhlakh {elec, Drain rElec
                  | rC+++ rCorr}
 13150 | D:7      | Noticed a five-headed hydra
 13173 | D:7      | Mangled by a five-headed hydra

Illustrated notes

Levels and vault maps discovered:
D:1:      dpeg_arrival_rooms_c, layout_loops_ring
D:2:      layout_rooms, ebering_ecumenical_altar_abandoned, st_stairs_11
D:3:      layout_loops_ring, dk_noncrumbling_3, nrook_mini_backslash,
          minmay_starry_boxes
D:4:      layout_basic, vehumet_altar_wand_db, chequers_serial_rivers_small_b,
          minmay_rat_hole, uniq_eustachio, uniq_sigmund
D:5:      layout_basic, nicolae_zen_rock_garden, minmay_manual_maat
D:6:      layout_cave_pools, uniq_grinder
D:7:      layout_basic, minmay_temple_entry_offerings, enter_bailey_3,
          minivault_27, minmay_misc_feat_roman, hangedman_decor_points

Skill      XL: |  1  2  3  4  5  6  7  8  9 10 |
---------------+-------------------------------+-----
Fighting       | 2 3 4 6 |  6.0
Unarmed Combat | 4 5 8 |  8.0
Spellcasting   | 3 5 6 7 |  7.0
Dodging        | 3 5 7 |  7.0
Stealth        | 4 |  4.1

Action                   |  1- 3 |  4- 6 |  7- 9 | 10-12 || total
-------------------------+-------+-------+-------+-------++-------
Melee: Unarmed           |   145 |    85 |   182 |    91 ||   503
       Headbutt          |    10 |     8 |     1 |       ||    19
       Punch             |     3 |     1 |     1 |       ||     5
 Cast: Beastly Appendage |    22 |    16 |     1 |       ||    39
       Sting             |       |    69 |    27 |    42 ||   138
       Spider Form       |       |     1 |    21 |    16 ||    38
       Wereblood         |       |       |     2 |     2 ||     4
       Ignite Poison     |       |       |    12 |    24 ||    36
       Ice Form          |       |       |       |     1 ||     1
 Abil: End Transformatio |       |       |     1 |     1 ||     2
  Use: Scroll            |       |       |       |     1 ||     1
 Stab: Sleeping          |     1 |       |       |     1 ||     2
Armor: Robe              |    35 |    12 |     3 |     1 ||    51
       Skin              |       |       |     7 |     1 ||     8
Dodge: Dodged            |    87 |    55 |   182 |   130 ||   454

Table legend: (Time is in decaauts)
 A = Elapsed time spent in this place.
 B = Non-inter-level travel time spent in this place.
 C = Inter-level travel time spent in this place.
 D = Time resting spent in this place.
 E = Time spent auto-exploring this place.
 F = Levels seen in this place.
 G = Mean time per level.
                   A        B        C        D        E       F      G
               +--------+--------+--------+--------+--------+-----+--------+
         Total |  13129 |  12823 |    306 |   5834 |   5068 |   8 | 1641.1 |
       Dungeon |  11710 |  11404 |    306 |   4864 |   4921 |   7 | 1672.9 |
        Bailey |   1419 |   1419 |      0 |    970 |    147 |   1 | 1419.0 |
               +--------+--------+--------+--------+--------+-----+--------+

Top non-repeatable levels by time:
     D:5: 2439 daAuts
     D:1: 2362 daAuts
     D:4: 2083 daAuts
     D:2: 1807 daAuts
     D:3: 1535 daAuts
  Bailey: 1419 daAuts
     D:7: 863 daAuts
     D:6: 618 daAuts
